 Dungeon Crawl Stone Soup version 0.31-a0-121-g1e386dd289 (webtiles) character file.

Game seed: 1208761025765555440

17268 erloom the Frost Mage (level 12, 0/123 HPs)
             Began as a White Draconian Transmuter on May 31, 2023.
             Was an Elder of Makhleb.
             Slain by an orc knight
             ... wielding a +0 glaive
              (6 damage)
             ... on level 1 of the Orcish Mines.
             The game lasted 00:30:25 (11775 turns).

erloom the Frost Mage (White Draconian Transmuter) Turns: 11775, Time: 00:30:25

Health: 0/123      AC: 10    Str: 14    XL:     12   Next: 17%
Magic:  21/21      EV: 13    Int: 18    God:    Makhleb [****..]
Gold:   925        SH:  0    Dex: 17    Spells: 8/23 levels left

rFire   x . .        k - melded +10 hand axe of Abomination {pain, Stlth+}
rCold   + + +        (shield currently unavailable)
rNeg    . . .        (body armour unavailable)
rPois   +            j - melded +1 hat of Shielding {Int+6}
rElec   .            P - melded scarf {rC+ rF+}
rCorr   .            (gloves currently unavailable)
SInv    +            n - melded +1 pair of boots
Will    .....        h - amulet of regeneration
Stlth   +            s - ring of Xametowko {Slay+4 SInv}
HPRegen 1.20/turn    p - +6 ring of dexterity
MPRegen 0.17/turn

%: no passive effects
@: confused, ice-form, ambrosia-drunk, wereblooded
A: freezing attack, amphibious, boosted hp, (breathe frost), AC +8, large,
unfitting armour, (cold resistance 1), (cold-blooded)
a: End Transformation, Renounce Religion, Minor Destruction, Lesser Servant of
Makhleb, Major Destruction


You were on level 1 of the Orcish Mines.
You worshipped Makhleb.
Makhleb was greatly pleased with you.
You were a creature of crystalline ice.
You visited 3 branches of the dungeon, and saw 14 of its levels.
You also visited: Ossuary.

You collected 1995 gold pieces.
You spent 1070 gold pieces at shops.

Inventory:

Hand Weapons
 k - the +10 hand axe of Abomination (melded) {pain, Stlth+}
   (You found it on level 3 of the Dungeon)

   Stlth:     It makes you more stealthy.
Missiles
 w - a throwing net
 Q - 6 silver javelins
Armour
 j - the +1 hat of Shielding (melded) {Int+6}
   (You acquired it on level 8 of the Dungeon)

   Int:       It affects your intelligence (+6).
 n - a +1 pair of boots (melded)
 t - a +0 cloak
 P - a scarf of resistance (melded)
Jewellery
 h - an amulet of regeneration (around neck)
 o - a ring of resist corrosion
 p - a +6 ring of dexterity (right front paw)
 s - the ring of Xametowko (left front paw) {Slay+4 SInv}
   (You bought it in a shop on level 1 of the Dungeon)

   [ring of slaying]

   Slay:      It affects your accuracy & damage with ranged weapons and melee
   (+4).
   SInv:      It lets you see invisible.
 H - a +6 ring of dexterity
 J - a ring of positive energy
 K - a +6 ring of strength
 O - a ring of willpower
Wands
 z - a wand of charming (18)
 A - a wand of roots (15)
 I - a wand of flame (4)
Scrolls
 b - a scroll of noise {unknown}
 c - a scroll of enchant weapon {unknown}
 l - 4 scrolls of teleportation
 m - 2 scrolls of fog {unknown}
 r - 2 scrolls of vulnerability {unknown}
 v - 4 scrolls of immolation
 x - 2 scrolls of enchant armour {unknown}
 y - 5 scrolls of poison
 B - a scroll of magic mapping {unknown}
 E - 2 scrolls of amnesia {unknown}
 L - 2 scrolls of fear
 M - a scroll of silence {unknown}
 S - a scroll of identify
Potions
 a - a potion of lignification
 d - a potion of cancellation
 f - a potion of degeneration
 g - a potion of berserk rage
 i - a potion of brilliance {unknown}
 q - 5 potions of mutation
 u - 3 potions of attraction {unknown}
 C - a potion of might {unknown}
 D - 4 potions of curing {unknown}
 F - a potion of invisibility {unknown}
 G - 2 potions of heal wounds {unknown}
 N - a potion of enlightenment {unknown}
 R - a potion of resistance {unknown}


   Skills:
 + Level 8.3 Fighting
 - Level 3.0 Axes
 - Level 7.0 Dodging
 - Level 2.0 Stealth
 - Level 6.0 Unarmed Combat
 - Level 6.0 Spellcasting
 - Level 4.0 Translocations
 - Level 7.0 Transmutations
 + Level 10.2 Ice Magic
 - Level 4.0 Poison Magic
 - Level 8.0 Invocations
 - Level 3.0 Evocations


You had 8 spell levels left.
You knew the following spells:

 Your Spells              Type           Power      Damage    Failure   Level
a - Beastly Appendage     Tmut           60%        N/A       1%          1
b - Spider Form           Tmut/Pois      25%        N/A       3%          3
c - Wereblood             Tmut           30%        N/A       1%          2
d - Ice Form              Ice/Tmut       36%        N/A       3%          4
e - Ozocubu's Armour      Ice            42%        N/A       1%          3
f - Blink                 Tloc           38%        N/A       3%          2

Your spell library contained the following spells:

 Spells                   Type           Power      Damage    Failure   Level
 Freeze                   Ice            100%       1d10      1%          1
 Sting                    Tmut/Pois      100%       1d8       1%          1
 Frozen Ramparts          Ice            84%        1d13      1%          3
 Apportation              Tloc           38%        N/A       2%          1
 Ensorcelled Hibernation  Hex/Ice        46%        N/A       2%          2
 Gell's Gravitas          Tloc           19%        N/A       7%          3
 Teleport Other           Tloc           19%        N/A       7%          3
 Poisonous Vapours        Pois/Air       24%        N/A       8%          2
 Mephitic Cloud           Conj/Pois/Air  10%        N/A       22%         3
 Manifold Assault         Tloc           19%        N/A       22%         4
 Olgreb's Toxic Radiance  Pois           19%        N/A       22%         4
 Alistair's Intoxication  Tmut/Pois      16%        N/A       34%         5
 Freezing Cloud           Conj/Ice/Air   8%         6-21      63%         5
 Dispersal                Tloc           9%         N/A       98%         6
 Storm Form               Tmut/Air       9%         N/A       100%        7
 Polar Vortex             Ice            21%        N/A       100%        9


Dungeon Overview and Level Annotations

Branches:
Dungeon (11/15)            Temple (0/1) D:4            Lair (2/5) D:11
  Snake (0/4) Lair:2          Orc (1/2) D:9         Ossuary (visited)
  Swamp: Lair:2-3    Shoals: Lair:2-3

Altars:
Ashenzari
Cheibriados
Dithmenos
Elyvilon
Fedhas
Hepliaklqana
Makhleb
Nemelex Xobeh
Ru
Sif Muna
Uskayaw
Vehumet
Wu Jian
Xom

Shops:
D:1 =   D:8 **

Annotations:
D:5 exclusions: 2 downstairs and lemure
D:11 exclusion: two-headed ogre
Lair:1 Sonja


Innate Abilities, Weirdness & Mutations

You are a creature of crystalline ice.
You have a powerful freezing melee attack.
You are amphibious.
Your maximum health is increased.
Your armour is entirely melded.
You are incapable of wielding weapons or throwing items.
((You can breathe waves of freezing cold which knock back foes.))
((Your icy white scales are hard. (AC +8)))
You cannot fit into any form of body armour.
((Your flesh is cold resistant. (rC+)))
((You are cold-blooded and may be slowed by cold attacks.))


Message History

You feel hot and cold all over.
The orc warrior hits you but does no damage.
Unknown command.
You punch the orc warrior! You freeze the orc warrior.
The orc warrior is almost dead.
The orc knight hits you from afar with a +0 glaive!!
The orc warrior hits you with a +0 trident!
The warg barely misses you.
Unknown command.
You punch the orc warrior! You freeze the orc warrior.
You feel a bit better.
You kill the orc warrior!
Makhleb accepts your kill.
You can now summon a greater servant of Makhleb.
You howl as the wereblood boils in your veins!
The orc knight hits you from afar with a +0 glaive!!
* * * LOW HITPOINT WARNING * * *
The warg bites you.
* * * LOW HITPOINT WARNING * * *
Unknown command.
Unknown command.
Unknown command.
Unknown command.
Unknown command.
Unknown command.
A demon appears!
You can no longer summon a greater servant of Makhleb.
The warg bites you!
* * * LOW HITPOINT WARNING * * *
The orc knight hits you from afar with a +0 glaive!!
* * * LOW HITPOINT WARNING * * *
The warg closely misses you. The warg attacks as you move away!
The warg bites you but does no damage.
You howl as the wereblood boils in your veins!
Your neqoxec hits the warg but does no damage.
Items here: $ ))) [[ †††.
You are confused.
You feel invigorated. The warg completely misses you.
The warg bites you but does no damage.
The orc knight hits you from afar with a +0 glaive.
You die...

## ##.# #...#
##..#######
##....##.#)##
##.........).# .
#.......#3.Y##
...#.........hh#
......#....#.oo#
...............#
.....................
.#.....).............
##...#..............
#...#.............o
##..................


You could see an orc knight, 2 wargs, an orc (strong) and a friendly neqoxec
(summoned).

Vanquished Creatures
  A cyclops (D:11)
  4 elephants
  A black mamba (Lair:1)
  2 cane toads
  5 komodo dragons
  A troll (D:10)
  A polar bear (Lair:1)
  2 hornets
  A shadow (D:11)
  3 wyverns
  19 yaks
  3 wraiths
  A basilisk (Lair:1)
  A steam dragon (D:9)
  6 vampire mosquitoes (D:11)
  Menkaure (D:5)
  3 nagas (Lair:2)
  Edmund (D:5)
  An acid dragon (D:10)
  8 water moccasins
  A swamp drake (D:11)
  A black bear (D:8)
  3 ice beasts
  5 orc warriors
  2 sky beasts
  3 ogres
  4 centaurs
  5 wolves (Lair:1)
  A phantom (D:5)
  A kobold brigand (D:7)
  Blork the orc (D:4)
  5 scorpions
  5 bullfrogs
  4 wights (D:7)
  21 killer bees
  A howler monkey (D:4)
  A crimson imp (D:3)
  3 hounds
  2 gnoll boudas
  A jelly (D:5)
  7 orc priests
  2 sleepcaps
  7 iguanas
  13 orc wizards
  A mummy (Ossuary)
  4 gnolls (D:6)
  6 adders
  7 river rats (D:8)
  A shadow imp (D:5)
  An ufetubus (D:6)
  2 worms
  3 dart slugs
  26 orcs
  6 ball pythons
  9 endoplasms
  A giant cockroach (D:3)
  3 goblins
  8 hobgoblins
  8 jackals
  9 quokkas
  4 bats
  4 frilled lizards
  5 gnoll skeletons (Ossuary)
  16 kobolds
  2 kobold skeletons (Ossuary)
  14 orc skeletons (Ossuary)
  2 quokka zombies (D:8)
  18 rats
324 creatures vanquished.

Vanquished Creatures (collateral kills)
  Urug (D:11)
  A wyvern (D:11)
  2 vampire mosquitoes (D:11)
  A gnoll skeleton (Ossuary)
  2 kobold skeletons (Ossuary)
  An orc skeleton (Ossuary)
8 creatures vanquished.

Grand Total: 332 creatures vanquished

Notes
Turn   | Place    | Note
-------+----------+-------------------------------------------
     0 | D:1      | erloom the Draconian Transmuter began the quest for the
                  | Orb.
     0 | D:1      | Reached XP level 1. HP: 16/16 MP: 3/3
   350 | D:1      | Found Enuaf's Jewellery Shop.
   471 | D:1      | Reached XP level 2. HP: 23/23 MP: 5/5
  1038 | D:2      | Reached XP level 3. HP: 28/28 MP: 4/6
  1781 | D:3      | Reached skill level 5 in Unarmed Combat
  1781 | D:3      | Reached XP level 4. HP: 26/35 MP: 5/7
  1794 | D:3      | Learned a level 3 spell: Spider Form
  1796 | D:3      | Identified the +10 hand axe of Abomination {pain, Stlth+}
  2143 | D:3      | Found a shimmering altar of Xom.
  2144 | D:3      | Found a burning altar of Makhleb.
  2159 | D:3      | Became a worshipper of Makhleb the Destroyer
  2550 | D:4      | Found a staircase to the Ecumenical Temple.
  2566 | D:4      | Reached skill level 1 in Axes
  2566 | D:4      | Reached skill level 1 in Poison Magic
  2566 | D:4      | Reached XP level 5. HP: 40/40 MP: 8/8
  2678 | D:4      | Found a radiant altar of Vehumet.
  2743 | D:4      | Noticed Blork the orc
  2776 | D:4      | You fall into a shaft and drop 1 floor!
  2776 | D:5      | Entered Level 5 of the Dungeon
  2857 | D:4      | Reached XP level 6. HP: 39/47 MP: 10/10
  2933 | D:4      | Found a shimmering blue altar of Sif Muna.
  3387 | D:5      | Found a blossoming altar of Fedhas.
  3571 | D:5      | Your scales start taking on an icy white colour.
  3571 | D:5      | Reached XP level 7. HP: 46/52 MP: 12/12
  3571 | D:5      | Gained mutation: Your flesh is cold resistant. (rC+) [White
                  | Draconian growth]
  3657 | D:5      | Noticed Edmund
  3674 | D:5      | Killed Edmund
  4073 | D:5      | Noticed Menkaure
  4096 | D:5      | Killed Menkaure
  4128 | D:5      | Reached skill level 5 in Transmutations
  4147 | D:5      | Reached * piety under Makhleb
  4148 | D:5      | Reached skill level 1 in Invocations
  4148 | D:5      | Reached XP level 8. HP: 59/59 MP: 14/14
  4438 | D:4      | Killed Blork the orc
  4501 | D:6      | Noticed a troll
  4580 | D:6      | Found a white marble altar of Elyvilon.
  4590 | D:6      | Reached skill level 1 in Stealth
  4607 | D:6      | Found a hazy altar of Hepliaklqana.
  4610 | D:6      | Found a hide-covered altar of Uskayaw.
  4613 | D:6      | Found a shadowy altar of Dithmenos.
  4807 | D:6      | Learned a level 2 spell: Wereblood
  4989 | D:6      | Found a broken altar of Ashenzari.
  5436 | D:7      | Reached skill level 5 in Invocations
  5436 | D:7      | Reached XP level 9. HP: 50/71 MP: 15/15
  5541 | D:7      | Reached ** piety under Makhleb
  5588 | D:7      | Reached skill level 5 in Fighting
  5594 | D:7      | Learned a level 4 spell: Ice Form
  5632 | D:7      | Reached skill level 1 in Ice Magic
  5672 | D:7      | Reached skill level 2 in Ice Magic
  5946 | D:7      | Reached skill level 3 in Ice Magic
  5970 | D:7      | Reached skill level 5 in Spellcasting
  6203 | D:8      | Reached skill level 4 in Ice Magic
  6423 | D:8      | Found a snail-covered altar of Cheibriados.
  6490 | D:8      | Found a sand-covered staircase.
  6497 | Ossuary  | Entered an ossuary
  6575 | Ossuary  | Reached *** piety under Makhleb
  6683 | Ossuary  | Identified 3 scrolls of acquirement
  6708 | D:8      | Acquired the +1 hat of Shielding {Int+6}
  6720 | D:8      | Acquired Sif Muna's Discursus on Cold
  6725 | D:8      | Acquired 1244 gold pieces
  7001 | D:1      | Bought the ring of Xametowko {Slay+4 SInv} for 1070 gold
                  | pieces
  7246 | D:8      | Found Pukineo's General Store.
  7248 | D:8      | Found Tuaczats's Specific Store.
  7540 | D:8      | Reached XP level 10. HP: 58/81 MP: 15/18
  7542 | D:8      | Reached skill level 5 in Ice Magic
  7697 | D:8      | Learned a level 3 spell: Ozocubu's Armour
  7738 | D:8      | Reached **** piety under Makhleb
  7987 | D:9      | Reached skill level 6 in Ice Magic
  8102 | D:9      | Reached skill level 7 in Ice Magic
  8138 | D:9      | Noticed an elephant
  8169 | D:9      | Killed an elephant
  8170 | D:9      | Reached skill level 1 in Evocations
  8255 | D:9      | Found an ornate altar of the Wu Jian Council.
  8274 | D:9      | Noticed an elephant
  8362 | D:8      | Killed an elephant
  8385 | D:9      | Noticed an elephant
  8413 | D:9      | Killed an elephant
  8481 | D:9      | Noticed an elephant
  8493 | D:9      | Killed an elephant
  8514 | D:9      | Found a sacrificial altar of Ru.
  8526 | D:9      | Found a staircase to the Orcish Mines.
  8752 | D:9      | Reached skill level 5 in Dodging
  8886 | D:10     | Entered Level 10 of the Dungeon
  8990 | D:10     | Reached XP level 11. HP: 85/92 MP: 15/20
  9146 | D:10     | Found a sparkling altar of Nemelex Xobeh.
  9639 | D:11     | Noticed a two-headed ogre
  9836 | D:11     | Learned a level 2 spell: Blink
 10029 | D:11     | Reached skill level 1 in Translocations
 10059 | D:11     | Noticed Urug
 10269 | D:11     | Killed Urug
 10270 | D:11     | Reached skill level 8 in Ice Magic
 10317 | D:11     | Found a staircase to the Lair.
 10393 | Lair:1   | Entered Level 1 of the Lair of Beasts
 10611 | Lair:1   | Reached skill level 9 in Ice Magic
 10702 | Lair:1   | Noticed Sonja
 10892 | Lair:1   | Reached XP level 12. HP: 75/100 MP: 21/21
 11244 | Lair:2   | Found a staircase to the Snake Pit.
 11278 | Lair:2   | Reached skill level 10 in Ice Magic
 11712 | Orc:1    | Entered Level 1 of the Orcish Mines
 11772 | Orc:1    | Reached ***** piety under Makhleb
 11773 | Orc:1    | HP: 1/123 [orc knight/+0 glaive (18)]
 11775 | Orc:1    | Slain by an orc knight

Illustrated notes

Levels and vault maps discovered:
D:1:      eino_arrival_druids_welcome, layout_basic, serial_shops, shop,
          st_stairs_1
D:2:      layout_loops_ring, minmay_misc_feat_secret_circle
D:3:      layout_rooms, grunt_temple_overflow_champion_of_chaos, serial_rivers,
          chequers_serial_rivers_large_a, chequers_serial_rivers_micro_b,
          chequers_serial_rivers_large_b, chequers_serial_rivers_room_a,
          chequers_serial_rivers_micro_b
D:4:      layout_cave_pools, nicolae_overflow_crystal_walls,
          mainiacjoe_overflow_chevrons, minmay_temple_entry_slanted,
          uniq_blork_the_orc
D:5:      kennysheep_six_static_rooms, layout_basic, fedhas_altar_1,
          minmay_misc_feat_roman, minmay_misc_feat_room, grunt_decor_one_mirror,
          nicolae_letterblocks [nicolae_letter_subblock,
          nicolae_letter_subblock, nicolae_letter_subblock,
          nicolae_letter_subblock, nicolae_letter_subblock,
          nicolae_letter_subblock, nicolae_letter_subblock,
          nicolae_letter_subblock, nicolae_letter_subblock,
          nicolae_letter_subblock, nicolae_letter_subblock,
          nicolae_letter_subblock, nicolae_letter_subblock,
          nicolae_letter_subblock, nicolae_letter_subblock,
          nicolae_letter_subblock, nicolae_letter_subblock,
          nicolae_letter_subblock, nicolae_letter_subblock,
          nicolae_letter_subblock, nicolae_letter_subblock,
          nicolae_letter_subblock, nicolae_letter_subblock,
          nicolae_letter_subblock, nicolae_letter_subblock], uniq_menkaure,
          uniq_pikel, uniq_edmund
D:6:      layout_rooms, mainiacjoe_overflow_surrounded_room, lemuel_round_altar,
          grunt_temple_overflow_cloverleaf, pf_guarded_unrand_delatra,
          uniq_maggie
D:7:      wander_river, layout_basic
D:8:      lemuel_ratsnest, layout_layer_cave, mainiacjoe_overflow_cross_hatched,
          enter_ossuary_4, nicolae_specific_store
D:9:      wad_woods_stonehenge, layout_small_grid,
          nicolae_ru_great_annihilating_truth
D:10:     layout_rooms, kennysheep_mini_moat
D:11:     layout_roguey, erik_lair_dragon, uniq_urug
Lair:1:   layout_cave_pods, uniq_sonja
Lair:2:   gammafunk_cloud_chamber, layout_gridlike, nicolae_snake_entry_squirm,
          grunt_megastairs_2
Orc:1:    layout_caves

Skill      XL: |  1  2  3  4  5  6  7  8  9 10 11 12 |
---------------+-------------------------------------+-----
Unarmed Combat | 4 5 6 |  6.0
Axes           | 1 2 3 |  3.0
Poison Magic   | 1 2 4 |  4.0
Spellcasting   | 3 4 5 6 |  6.0
Transmutations | 3 5 6 7 |  7.0
Dodging        | 2 3 5 7 |  7.0
Invocations    | 1 5 8 |  8.0
Fighting       | 4 5 7 8 |  8.3
Stealth        | 2 |  2.0
Ice Magic      | 4 7 9 10 | 10.2
Evocations     | 3 |  3.0
Translocations | 4 |  4.0

Action                     |  1- 3 |  4- 6 |  7- 9 | 10-12 || total
---------------------------+-------+-------+-------+-------++-------
  Melee: Unarmed           |   171 |    11 |       |    73 ||   255
         Tailslap          |    21 |    15 |    36 |    65 ||   137
         Punch             |     3 |     5 |     8 |    20 ||    36
         Kick              |     9 |     1 |     6 |       ||    16
         Headbutt          |     5 |     1 |     2 |       ||     8
         Hand axe          |       |    77 |   271 |   397 ||   745
   Cast: Beastly Appendage |     7 |       |     2 |       ||     9
         Wereblood         |       |       |     8 |    18 ||    26
         Ozocubu's Armour  |       |       |       |    13 ||    13
         Ice Form          |       |       |       |     7 ||     7
 Invoke: Lesser Servant of |       |       |     1 |     6 ||     7
Ability: Breathe Frost     |       |       |     5 |     3 ||     8
  Evoke: Wand              |       |       |       |     5 ||     5
    Use: Scroll            |       |       |    11 |     4 ||    15
         Potion            |       |       |       |     3 ||     3
   Stab: Sleeping          |     1 |     3 |    10 |     5 ||    19
         Distracted        |       |       |     1 |     1 ||     2
         Invisible         |       |       |       |     1 ||     1
         Paralysed         |       |       |       |     1 ||     1
         Confused          |       |       |       |     1 ||     1
 Armour: Skin              |    45 |    28 |   117 |   224 ||   414
  Dodge: Dodged            |   115 |    43 |   207 |   402 ||   767

Table legend: (Time is in decaauts)
 A = Elapsed time spent in this place.
 B = Non-inter-level travel time spent in this place.
 C = Inter-level travel time spent in this place.
 D = Time resting spent in this place.
 E = Time spent auto-exploring this place.
 F = Levels seen in this place.
 G = Mean time per level.
                   A        B        C        D        E       F      G
               +--------+--------+--------+--------+--------+-----+--------+
         Total |  11982 |  10900 |   1082 |    579 |   7037 |  15 |  798.8 |
       Dungeon |  10531 |   9565 |    966 |    347 |   6550 |  11 |  957.4 |
          Lair |   1175 |   1060 |    115 |    232 |    427 |   2 |  587.5 |
  Orcish Mines |     65 |     65 |      0 |      0 |     14 |   1 |   65.0 |
       Ossuary |    211 |    211 |      0 |      0 |     46 |   1 |  211.0 |
               +--------+--------+--------+--------+--------+-----+--------+

Top non-repeatable levels by time:
     D:8: 1401 daAuts
     D:5: 1356 daAuts
     D:1: 1051 daAuts
    D:11: 971 daAuts
     D:9: 946 daAuts
     D:4: 883 daAuts
     D:3: 880 daAuts
     D:7: 821 daAuts
     D:6: 766 daAuts
     D:2: 759 daAuts
    D:10: 692 daAuts
  Lair:1: 681 daAuts
  Lair:2: 493 daAuts
 Ossuary: 211 daAuts
   Orc:1: 65 daAuts
